 Dungeon Crawl Stone Soup version 0.31.0-9-g3a7656b989 (webtiles) character file.

Game seed: 18053359287402654764

1466 Jase the Changeling (level 8, -4/64 (66) HPs)
             Began as a White Draconian Shapeshifter on Jan 24, 2024.
             Was the Champion of Uskayaw.
             Slain by a wight
             ... wielding a +0 falchion
              (6 damage)
             ... on level 6 of the Dungeon on Jan 25, 2024.
             The game lasted 00:20:47 (5138 turns).

Jase the Changeling (White Draconian Shapeshifter)  Turns: 5138, Time: 00:20:48

HP:   -4/64 (66)    AC:  6    Str: 17    XL:     8   Next: 48%
MP:   12/12         EV: 12    Int: 11    God:    Uskayaw [******]
Gold: 229           SH:  0    Dex: 12    Spells: 7/7 levels left

rFire   + .          .
                       - Unarmed
rCold   + + .        (no shield)
rNeg    + . .        (body armour unavailable)
rPois   +            (helmet currently unavailable)
rElec   +            (cloak currently unavailable)
rCorr   +            (gloves currently unavailable)
SInv    .            (boots currently unavailable)
Will    .....        (no amulet)
Stlth   +            q - ring of positive energy
HPRegen 0.30/turn    s - ring of wizardry
MPRegen 0.13/turn

%: wizardry (x1)
@: short of breath, beast-form, resistant, lightly drained
A: beast (slay +3), breathe frost, AC +6, unfitting armour, cold resistance 1,
cold-blooded
a: Breathe Frost, Begin Untransformation, Renounce Religion, Stomp, Line Pass,
Grand Finale


You were on level 6 of the Dungeon.
You worshipped Uskayaw.
Uskayaw was noncommittal.
You were a hulking beast.
You visited 1 branch of the dungeon, and saw 6 of its levels.

You collected 229 gold pieces.

Inventory:

Missiles
 k - 6 poisoned darts (quivered)
 p - 3 boomerangs
Armour
 e - an orb of energy
 v - a +0 pair of gloves
Jewellery
 q - a ring of positive energy (left hand)
 s - a ring of wizardry (right hand)
Talismans
 b - a beast talisman
 c - a flux talisman
Wands
 r - a wand of flame (7)
Scrolls
 f - a scroll of poison
 i - a scroll of fog {unknown}
 l - 3 scrolls of identify {unknown}
 m - 2 scrolls of fear {unknown}
 n - 3 scrolls of amnesia {unknown}
 o - a scroll of noise {unknown}
 u - a scroll of torment {unknown}
 x - a scroll of enchant armour {unknown}
Potions
 d - 3 potions of curing
 g - a potion of berserk rage {unknown}
 h - a potion of cancellation {unknown}
 j - a potion of resistance
 t - a potion of might {unknown}
 w - 2 potions of enlightenment {unknown}


   Skills:
 - Level 4.0 Fighting
 + Level 2.6 Dodging
 - Level 5.4 Unarmed Combat
 + Level 6.1 Invocations
 + Level 6.5 Shapeshifting


You had 7 spell levels left.
You didn't know any spells.
Your spell library contained the following spells:

 Spells                   Type           Power      Damage    Failure   Level
 Magic Dart               Conj           0%         1d3       14%         1
 Blink                    Tloc           0%         N/A       21%         2
 Call Imp                 Summ           0%         N/A       21%         2


Dungeon Overview and Level Annotations

Branches:
Dungeon (6/15)             Temple (0/1) D:4

Altars:
Dithmenos
Gozag
Nemelex Xobeh
Qazlal
Ru
Uskayaw
Wu Jian
Xom
Yredelemnul
Zin

Shops:
D:2 :   D:4 =   D:5 *([


Innate Abilities, Weirdness & Mutations

You are a hulking beast.
Your limbs bulge with bestial killing power. (Slay +3)
You can breathe waves of freezing cold which knock back foes.
Your icy white scales are hard. (AC +6)
You cannot fit into any form of body armour.
Your flesh is cold resistant. (rC+)
You are cold-blooded and may be slowed by cold attacks.


Message History

The adder bites you but does no damage. The wight hits you but does no damage.
The gnoll hits you from afar with a +0 spear.
* * * LOW HITPOINT WARNING * * *
Unknown command.
It was a potion of resistance.
You feel protected. The adder bites you but does no damage.
The wight hits you with a +0 falchion.
* * * LOW HITPOINT WARNING * * *
The adder bites you but does no damage. The gnoll hits you but does no damage.
You smack the adder!
You kill the adder!
You feel less wooden.
You turn into a hulking beast.
The wight barely misses you.
Unknown command.
Aiming: Breathe Frost (4% risk of failure)
Press: ? - help, Shift-Dir - straight line, f - wight
Aim: a wight, wielding a +0 falchion and wearing a +0 robe (heavily damaged, 68% to hit)
You exhale a wave of freezing cold.
The freezing breath hits the wight.
The wight resists.
The wight is severely damaged.
The wight is knocked back by the freezing wind.
The wight collides with the gnoll!
The gnoll is moderately wounded.
The wight is almost destroyed.
The freezing breath misses the gnoll.
The freezing breath hits the wight.
The wight resists.
The wight is lightly damaged.
The wight is knocked back by the freezing wind.
The freezing breath hits the wight.
The wight completely resists.
The wight is lightly damaged.
You hear a shout!
The gnoll completely misses you.
A wight comes into view. It is wielding a +2 short sword.
The wight hits you but does no damage.
Unknown command.
The air fills with toxic fumes!
As you read the scroll labelled EDECUME NUXIMU, it crumbles to dust.
It was a scroll of poison.
The gnoll barely misses you. The wight hits you with a +0 falchion.
You die...

...........#####.....#
...........# #.....'
...........#####.....#
...........#..........
..#.......##.###.....#
..##......# ##.####
#.#+#..# #..# #
#§######§#§§# ###.# #
§§zz§gzh§§§§# #.'.# #
§.########§§# #+#.###
# ...§§§#.....###
..##+##.....'.# ...#
#.....#.. )#+#
#+#.##### #. #.+...'
###...# #......


You could see 3 wights and a gnoll.

Vanquished Creatures
  Grinder (D:4)
  A wyvern (D:6)
  An ice beast (D:6)
  2 phantoms
  Blork the orc (D:6)
  3 scorpions
  A wight (D:6)
  3 bombardier beetles
  2 hounds
  An orc priest (D:3)
  A gnoll bouda (D:6)
  3 iguanas
  Terence (D:2)
  A sleepcap (D:5)
  2 gnolls (D:6)
  10 adders
  4 ufetubi
  7 dart slugs
  A ribbon worm (D:4)
  8 orcs
  6 endoplasms
  A giant cockroach (D:2)
  7 goblins
  7 hobgoblins
  A quokka (D:2)
  6 ball pythons
  6 bats
  7 frilled lizards
  A kobold (D:1)
  3 rats
99 creatures vanquished.

Vanquished Creatures (others)
  A rat (D:2)
1 creature vanquished.

Grand Total: 100 creatures vanquished

Notes
Turn   | Place    | Note
-------+----------+-------------------------------------------
     0 | D:1      | Jase the Draconian Shapeshifter began the quest for the
                  | Orb.
     0 | D:1      | Reached XP level 1. HP: 16/16 MP: 1/1
   407 | D:1      | Reached XP level 2. HP: 23/23 MP: 2/2
   852 | D:2      | Reached XP level 3. HP: 25/28 MP: 3/3
   999 | D:2      | Found a hide-covered altar of Uskayaw.
  1002 | D:2      | Noticed Terence
  1020 | D:2      | Killed Terence
  1021 | D:2      | Reached XP level 4. HP: 19/35 MP: 4/4
  1092 | D:2      | Became a worshipper of Uskayaw the Reveller
  1174 | D:2      | Reached * piety under Uskayaw
  1353 | D:2      | Found Golyet's Book Emporium.
  1692 | D:3      | Reached ** piety under Uskayaw
  1766 | D:3      | Reached skill level 1 in Invocations
  1766 | D:3      | Reached XP level 5. HP: 36/40 MP: 4/6
  1997 | D:3      | Found a faded altar of an unknown god.
  2062 | D:3      | Found a shimmering altar of Xom.
  2138 | D:3      | HP: 2/40 [orc/+2 hand axe of freezing (1)]
  2392 | D:3      | Found an opulent altar of Gozag.
  2393 | D:3      | Found a sparkling altar of Nemelex Xobeh.
  2515 | D:4      | Found Ykliyg's Jewellery Shop.
  2638 | D:4      | Noticed Grinder
  2663 | D:4      | Paralysed by Grinder for 5 turns
  2678 | D:4      | Killed Grinder
  2679 | D:4      | Reached skill level 5 in Unarmed Combat
  2679 | D:4      | Reached skill level 5 in Shapeshifting
  2679 | D:4      | Reached XP level 6. HP: 4/47 MP: 6/8
  2922 | D:4      | Found a shadowy altar of Dithmenos.
  3143 | D:4      | Found a staircase to the Ecumenical Temple.
  3278 | D:5      | Entered Level 5 of the Dungeon
  3292 | D:5      | Reached *** piety under Uskayaw
  3296 | D:5      | Reached **** piety under Uskayaw
  3457 | D:5      | Your scales start taking on an icy white colour.
  3457 | D:5      | Reached XP level 7. HP: 50/52 MP: 9/9
  3457 | D:5      | Gained mutation: Your flesh is cold resistant. (rC+) [White
                  | Draconian growth]
  4075 | D:5      | Found Foniepea's Assorted Antiques.
  4083 | D:5      | Found Wachuil's Weapon Emporium.
  4085 | D:5      | Found Qopraimu's Armour Shoppe.
  4238 | D:5      | Found a glowing silver altar of Zin.
  4238 | D:5      | Noticed an angel
  4639 | D:6      | Noticed Blork the orc
  4672 | D:6      | Killed Blork the orc
  4673 | D:6      | Reached skill level 5 in Invocations
  4673 | D:6      | Reached XP level 8. HP: 45/66 MP: 11/11
  4792 | D:6      | Found an ornate altar of the Wu Jian Council.
  4820 | D:6      | Found a stormy altar of Qazlal.
  4895 | D:6      | Found a basalt altar of Yredelemnul.
  4895 | D:6      | Found a sacrificial altar of Ru.
  5126 | D:6      | Reached ***** piety under Uskayaw
  5135 | D:6      | HP: 2/94 [wight/+0 falchion (6)]
  5137 | D:6      | Reached ****** piety under Uskayaw
  5138 | D:6      | Slain by a wight

Illustrated notes

Levels and vault maps discovered:
D:1:      nicolae_arrival_memento_mori, layout_loops_ring
D:2:      layout_loops_ring, serial_shops, shop, basic_altar,
          lemuel_flame_loot_1, uniq_terence
D:3:      cheibrodos_old_hovel, layout_rooms, grunt_temple_overflow_opulence,
          nicolae_overflow_ecumenical_swirl, hangedman_abyss_or_decor_stabs,
          moated_statue
D:4:      layout_gridville, nicolae_dithmenos_through_a_glass_darkly,
          minmay_temple_entry_grid, serial_shops, shop, nicolae_titane,
          uniq_grinder
D:5:      nicolae_cairo_tiling, layout_rooms, zin_angel,
          hangedman_decor_peaks_small, hex_intersection,
          minmay_misc_feat_encased, nicolae_wooded_promenade,
          minmay_misc_feat_rows, hangedman_abyss_or_decor_stagger
D:6:      nicolae_cairo_tiling_large, layout_basic,
          nicolae_overflow_hidden_temple, uniq_blork_the_orc

Skill      XL: |  1  2  3  4  5  6  7  8 |
---------------+-------------------------+-----
Unarmed Combat | 4 5 |  5.4
Shapeshifting  | 4 5 6 |  6.5
Invocations    | 1 3 5 6 |  6.1
Fighting       | 3 4 |  4.0
Dodging        | 2 |  2.6

Action                     |  1- 3 |  4- 6 |  7- 9 || total
---------------------------+-------+-------+-------++-------
  Melee: Unarmed           |    81 |   166 |   149 ||   396
         Punch             |     3 |     1 |     4 ||     8
         Tailslap          |     5 |    19 |    18 ||    42
Ability: Breathe Frost     |       |       |     8 ||     8
    Use: Potion            |       |       |     3 ||     3
         Scroll            |       |       |     1 ||     1
   Stab: Sleeping          |     1 |     1 |     1 ||     3
         Paralysed         |       |     2 |     5 ||     7
 Armour: Skin              |    41 |    72 |   106 ||   219
  Dodge: Dodged            |    44 |    69 |    70 ||   183
